 Dungeon Crawl Stone Soup version 0.19-a0-1719-g84977a8 (webtiles) character file.

135 TheGoonsmith the Chopper (level 5, -3/47 HPs)
             Began as a Hill Orc Monk on Sept 29, 2016.
             Slain by slenderog's ghost (5 damage)
             ... while paralysed by slenderog's ghost
             ... in a sewer.
             The game lasted 00:04:01 (1979 turns).

TheGoonsmith the Chopper (Hill Orc Monk)            Turns: 1979, Time: 00:04:02

Health: -3/47      AC:  9    Str: 20    XL:     5   Next: 18%
Magic:  5/5        EV:  2    Int: 10    God:
Gold:   40         SH:  0    Dex: 13    Spells: 0 memorised, 4 levels left

rFire  . . .     SeeInvis .     i - +0 hand axe (chop)
rCold  . . .     Gourm    .     e - +0 ring mail
rNeg   . . .     Faith    .     (no shield)
rPois  .         Spirit   .     u - +0 helmet
rElec  .         Dismiss  .     d - +0 cloak (curse)
rCorr  .         Reflect  .     (no gloves)
MR     .....     Harm     .     f - +0 pair of boots
Stlth  +.........               (no amulet)
                                (no ring)
                                (no ring)

@: paralysed, mighty, lethally poisoned (-3 -> -19), very slightly contaminated,
drained, invisible
A: no striking features
a: no special abilities


You were in a sewer.
You were hungry.

You visited 1 branch of the dungeon, and saw 3 of its levels.
You also visited: Sewer.

You collected 40 gold pieces.

Inventory:

Hand Weapons
 a - a +0 hand axe
 i - a +0 hand axe of chopping (weapon)
Armour
 b - a +0 robe
 d - a cursed +0 cloak (worn)
 e - a +0 ring mail (worn)
 f - a +0 pair of boots (worn)
 u - a +0 helmet (worn)
Jewellery
 l - an uncursed ring of protection from fire {unknown}
Wands
 t - a wand of flame (25/48)
Scrolls
 g - a scroll of random uselessness {unknown}
 j - a scroll of recharging {unknown}
 k - a scroll of identify {unknown}
 m - a scroll of fear {unknown}
 n - a scroll of fog {unknown}
 o - a scroll of remove curse {unknown}
 p - a scroll of teleportation
Potions
 h - a potion of invisibility
Comestibles
 c - 4 bread rations
 q - a meat ration
 r - a royal jelly
 s - 2 chunks of flesh


   Skills:
 + Level 4.7(4.4) Fighting
 * Level 6.8(6.4) Axes
 - Level 2.4(2.1) Dodging
 - Level 1.5(1.2) Stealth


You had 4 spell levels left.
You didn't know any spells.

Dungeon Overview and Level Annotations

Branches:
Dungeon (3/15)

Altars:

Annotations:
D:2 Sigmund Sewer slenderog's ghost, amateur HuCK


Message History

You hit slenderog's ghost but do no damage.
Slenderog's ghost is severely damaged.
You feel sick. Slenderog's ghost barely misses you.
You barely miss slenderog's ghost.
Slenderog's ghost is severely damaged.
Slenderog's ghost hits you.
You are more poisoned.
You miss slenderog's ghost.
Slenderog's ghost is severely damaged.
* * * LOW HITPOINT WARNING * * *
You feel sick. Slenderog's ghost hits you!
* * * LOW HITPOINT WARNING * * *
You suddenly lose the ability to move!
* * * LOW HITPOINT WARNING * * *
You feel sick. Slenderog's ghost hits you.
* * * LOW HITPOINT WARNING * * *
You are more poisoned.
* * * LOW HITPOINT WARNING * * *
You feel sick. Slenderog's ghost hits you.
You die...

#≈≈#
#.≈#
#≈≈#
≈≈#
..#
#.##
#W†#
#@.#
#..#
##..#
..#
#∩#
##


You could see slenderog's ghost.

Vanquished Creatures
  Terence (D:2)
  Robin (D:2)
  A river rat (D:3)
  3 adders (D:2)
  A dart slug (D:1)
  A leopard gecko (D:1)
  4 giant cockroaches
  8 hobgoblins
  A quokka (D:2)
  3 ball pythons
  7 bats
  7 frilled lizards
  8 goblins
  10 kobolds
  8 rats
64 creatures vanquished.

Notes
Turn   | Place    | Note
-------+----------+-------------------------------------------
     0 | D:1      | TheGoonsmith the Hill Orc Monk began the quest for the Orb.
     0 | D:1      | Reached XP level 1. HP: 19/19 MP: 1/1
   311 | D:1      | Reached XP level 2. HP: 27/27 MP: 2/2
   812 | D:2      | Noticed Sigmund
   867 | D:2      | Reached skill level 5 in Axes
   867 | D:2      | Reached XP level 3. HP: 30/33 MP: 3/3
   932 | D:2      | Noticed Robin
  1347 | D:2      | Killed Robin
  1366 | D:2      | Reached XP level 4. HP: 28/40 MP: 4/4
  1510 | D:2      | Noticed Terence
  1525 | D:2      | Killed Terence
  1525 | D:2      | Reached skill level 6 in Axes
  1861 | D:3      | Reached XP level 5. HP: 40/47 MP: 5/5
  1930 | D:3      | Found a glowing drain.
  1954 | Sewer    | Entered a sewer
  1954 | Sewer    | Noticed slenderog's ghost (amateur HuCK)
  1977 | Sewer    | Paralysed by slenderog's ghost for 5 turns
  1979 | Sewer    | HP: 2/47 [poisoned by slenderog's ghost]
  1979 | Sewer    | Slain by slenderog's ghost

Vault maps used:
D:1:      dpeg_arrival_rooms_with_view
D:2:      first_bread, nrook_mini_vaults, uniq_terence, uniq_robin, uniq_sigmund
D:3:      portal_sewer_entry_e
Sewer:    sewer_frog_island_02

Skill      XL: |  1  2  3  4 |
---------------+-------------+-----
Fighting       | 4 |  4.7
Axes           | 5 6 |  6.8
Dodging        | |  2.4
Stealth        | |  1.5

Action                   |  1- 3 |  4- 6 || total
-------------------------+-------+-------++-------
Melee: Hand axe          |   112 |   105 ||   217
Evoke: Wand              |       |     1 ||     1
  Use: Scroll            |       |     3 ||     3
       Potion            |       |     2 ||     2
 Stab: Invisible         |       |     3 ||     3
  Eat: Chunk             |     2 |     1 ||     3
Armor: Ring mail         |    48 |    34 ||    82
Dodge: Dodged            |    81 |    70 ||   151
